Map: Moonlight Madness LE (Void)

Players

MisterXaxis - Winner!

  • Race: Zerg Zerg
  • League: Platinum

Javert

  • Race: Zerg Zerg
  • League: Platinum

VOD

Have the link to the VOD?

Description

Time

  • Played on: July 21, 2015, 12:14 a.m.
  • Length: 4:43
Show
View Real Time Build Order
Export as new Build Order

MisterXaxis Zerg - Winner!

Build Orders: Hatch First 

Get SALT Encoding   

  12  0:01  Drone  
  13  0:13  Overlord  
  13  0:19  Drone  
  14  0:31  Drone  
  14  0:32  Drone  
  16  0:51  Hatchery  
  16  0:56  Drone  
  16  1:08  Spawning Pool  
  16  1:10  Extractor  
  14  1:13  Drone  
  14  1:16  Drone  
  16  1:19  Drone  
  17  1:31  Drone  
  18  1:35  Drone  
  19  1:47  Overlord  
  19  1:54  Queen  
  19  1:57  Zergling x2  
  22  2:03  Queen  
  22  2:05  Drone  
  25  2:10  Zergling x2  
  26  2:19  Drone x2  
  26  2:22  Metabolic Boost  
  28  2:29  Drone  
  28  2:48  Drone  
  28  2:49  Drone x3  
  30  3:06  Drone  
  30  3:11  Drone  
  30  3:12  Baneling Nest  
  31  3:13  Overlord x3  
  31  3:15  Zergling x6  
  34  3:24  Zergling x4  
  36  3:34  Zergling x2  
  36  3:35  Zergling x8  
  41  3:42  Zergling x8  
  45  3:55  Zergling x4  
  47  4:01  Zergling x6  
  47  4:02  Zergling x2  
  50  4:23  Zergling x16  
Show
View Real Time Build Order
Export as new Build Order

Javert Zerg 

Build Orders: Pool First 

Get SALT Encoding   

  12  0:01  Drone  
  13  0:12  Overlord  
  13  0:17  Drone  
  14  0:31  Drone x2  
  14  0:35  Drone  
  17  0:36  Extractor  
  16  0:46  Drone  
  17  0:55  Spawning Pool  
  16  0:59  Drone  
  17  1:08  Drone  
  18  1:18  Drone  
  19  1:34  Drone  
  19  1:37  Hatchery  
  19  1:42  Metabolic Boost  
  19  1:48  Zergling x2  
  19  1:50  Zergling x2  
  21  2:01  Overlord  
  21  2:13  Baneling Nest, Queen  
  22  2:24  Drone x2  
  24  2:48  Drone x2  
  25  2:58  Queen  
  26  3:00  Zergling x4  
  28  3:08  Drone x2  
  30  3:16  Drone x2  
  32  3:25  Drone  
  33  3:44  Roach Warren  
  33  3:46  Evolution Chamber  
  33  3:48  Drone x4  
  33  3:49  Drone  
  33  3:54  Overlord x2  
  35  4:08  Spine Crawler  
  33  4:14  Zergling x2  
  33  4:15  Zergling x18  
Tags
 
Add a new tag
Caveats
  • Supply blocks, unpowered buildings, or Contaminate may cause inaccurate times.
  • Supply counts are checked every 10 seconds.